 Dungeon Crawl Stone Soup version 0.16-a0-2970-ge3807df (webtiles) character file.

151 Johnny the Grave Robber (level 4, 0/36 HPs)
             Began as a Demigod Necromancer on Dec 5, 2014.
             Slain by an orc
             ... wielding a +1 hand axe of flaming
              (1 damage)
             ... on level 3 of the Dungeon.
             The game lasted 00:04:09 (2932 turns).

Johnny the Grave Robber (Demigod Necromancer)       Turns: 2932, Time: 00:04:09

Health: 0/36       AC:  3    Str: 11    XL:     4   Next: 85%
Magic:  1/11       EV: 13    Int: 19    God:
Gold:   51         SH:  0    Dex: 18    Spells: 3 memorised, 1 level left

rFire  . . .     SeeInvis .     d - +0 short sword (speed)
rCold  . . .     Clarity  .     a - +0 robe
rNeg   . . .     SustAb   +     (no shield)
rPois  .         Gourm    .     l - +0 helmet (curse)
rElec  .         Spirit   .     (no cloak)
rCorr  .         Warding  .     (no gloves)
rMut   .         Stasis   .     (no boots)
MR     .....                    (no amulet)
Stlth  ++........               (no ring)
                                (no ring)

@: not resistant to hostile enchantments, unstealthy
A: sustain abilities
a: no special abilities


You were on level 3 of the Dungeon.
You were hungry.

You visited 1 branch of the dungeon, and saw 3 of its levels.

You collected 51 gold pieces.

Inventory:

Hand weapons
 d - a +0 short sword of speed (weapon)
Armour
 a - a +0 robe (worn)
 l - a cursed +0 helmet (worn)
Scrolls
 e - 4 scrolls of identify {unknown}
 f - a scroll of remove curse {unknown}
 h - 3 scrolls of teleportation {unknown}
 m - a scroll of enchant weapon {unknown}
 n - a scroll of magic mapping {unknown}
 o - a scroll of fog {unknown}
 p - a scroll of immolation {unknown}
Potions
 i - a potion of brilliance {unknown}
 k - a potion of heal wounds {unknown}
Books
 b - a book of Necromancy

   Spells                             Type                      Level
   a - Pain                           Necromancy                   1
   b - Animate Skeleton               Necromancy                   1
   c - Vampiric Draining              Necromancy                   3
   d - Regeneration                   Charms/Necromancy            3
   e - Animate Dead                   Necromancy                   4
   f - Control Undead                 Necromancy                   4
Comestibles
 c - 2 bread rations
 g - a meat ration
 j - 3 fruits


   Skills:
 * Level 1.9 Fighting
 + Level 1.1 Armour
 * Level 2.8 Dodging
 - Level 1.7 Stealth
 * Level 2.7 Spellcasting
 * Level 3.9 Necromancy


You had one spell level left.
You knew the following spells:

 Your Spells              Type           Power        Failure   Level  Hunger
a - Pain                  Necr           ###.         3%          1    None
b - Regeneration          Chrm/Necr      ##........   21%         3    ###....
c - Vampiric Draining     Necr           ###.......   12%         3    ###....


Dungeon Overview and Level Annotations

Branches:
Dungeon (3/15)


Innate Abilities, Weirdness & Mutations

Your attributes are resistant to harm.


Message History

Casting: Pain
Confirm with . or Enter, or press ? or * to list all spells.
Aiming: Pain
Press: ? - help, Shift-Dir - straight line, f/p - orc wizard
Aim: an orc wizard, wielding a dagger and wearing a runed robe (heavily wounded, fast)
The orc wizard convulses in agony!
The orc wizard hits you with a dagger.
* * * LOW HITPOINT WARNING * * *
Unknown command.
Unknown command.
Casting: Pain
Confirm with . or Enter, or press ? or * to list all spells.
Aiming: Pain
Press: ? - help, Shift-Dir - straight line, f/p - orc wizard
Aim: an orc wizard, wielding a dagger and wearing a runed robe (almost dead, fast)
The orc wizard convulses in agony!
You kill the orc wizard!
The orc hits you with a hand axe of flaming.
* * * LOW HITPOINT WARNING * * *
The orc burns you.
You die...

#########
#.......#
#.......#
#.......#
#.......#
#.......#
#.......#
########.......#
#.........@....#
#.........o....#
#..[.......)...#
#..<..)....#####
#.........)..
#.............
#.............
...............
##...............


You could see an orc.

Vanquished Creatures
  An orc priest (D:3)
  An orc wizard (D:3)
  A worm (D:2)
  3 adders
  A giant mite (D:2)
  A giant gecko (D:1)
  An orc (D:3)
  7 bats
  6 giant cockroaches
  9 hobgoblins
  3 jackals (D:2)
  A quokka (D:2)
  3 ball pythons
  4 giant newts
  5 goblins
  3 kobolds (D:1)
  5 rats
55 creatures vanquished.

Notes
Turn   | Place    | Note
--------------------------------------------------------------
     0 | D:1      | Johnny, the Demigod Necromancer, began the quest for the Orb.
     0 | D:1      | Reached XP level 1. HP: 14/14 MP: 3/3
   399 | D:1      | Reached XP level 2. HP: 14/22 MP: 0/4
   945 | D:1      | Reached skill level 1 in Fighting
  1673 | D:2      | Reached XP level 3. HP: 17/28 MP: 0/8
  2855 | D:3      | Reached skill level 1 in Armour
  2855 | D:3      | Reached XP level 4. HP: 32/35 MP: 6/11
  2894 | D:3      | Learned a level 3 spell: Regeneration
  2898 | D:3      | Learned a level 3 spell: Vampiric Draining
  2932 | D:3      | HP: 1/36 [orc/hand axe of flaming (3)]
  2932 | D:3      | Slain by an orc

Action                   |  1- 3 |  4- 6 || total
-------------------------+-------+-------++-------
Melee: Short sword       |   103 |     2 ||   105
 Cast: Pain              |    54 |    12 ||    66
  Use: Potion            |     1 |       ||     1
 Stab: Sleeping          |     4 |       ||     4
  Eat: Chunk             |     6 |       ||     6
